[Event "41th GRE-ch Women 2018"]
[Site "Thessaloniki"]
[Date "2018.12.19"]
[Round "8"]
[White "Skaraki, Antigoni"]
[Black "Makka, Ioulia"]
[Result "0-1"]
[ECO "B10"]
[WhiteElo "2012"]
[BlackElo "2065"]
[Annotator "NA"]
[PlyCount "64"]
[EventDate "2018.12.12"]
[EventType "tourn"]
[EventCountry "GRE"]
[SourceTitle "playchess.com"]
[Source "ChessBase"]
[SourceQuality "1"]
[TimeControl "40/5400+30:1800+30"]

1. e4 c6 2. Nc3 d6 3. d4 g6 4. f4 Bg7 5. Nf3 b5 {[%emt 0:00:43] LiveBook: 44 Games} 6. a3 {[%emt 0:03:52] B06: Modern Defence} (6. Bd3 Qb6 7. e5 Nh6 8. Ne4 O-O 9. O-O Bg4 10. c3 dxe5 11. fxe5 Nd7 12. Nf2 Be6 13. Ng5 Bd5 14. Be4 Bxe4 15. Ngxe4 {1-0 (32) Anand,V (2782)-Fedoseev,V (2718) Riadh 2017}) 6... Bb7 7. Bd3 a6 8. Be3 Nd7 9. e5 $146 ({Predecessor:} 9. O-O c5 10. Kh1 cxd4 11. Bxd4 Ngf6 12. e5 dxe5 13. fxe5 Ng4 {1-0 (29) Kelbling,P (1574)-Van der Gaag,E (1865) Halver 2005}) 9... Nh6 10. Qd2 Qc7 11. h3 c5 12. exd6 exd6 13. Be4 Bxe4 14. Nxe4 O-O 15. O-O Rfe8 16. Ng3 $15 Nb6 17. b3 Nd5 18. Bf2 c4 19. b4 c3 20. Qc1 f5 21. Re1 Nf7 22. Nf1 Rxe1 23. Nxe1 Re8 24. Nd3 Qc4 25. Ne3 Nxe3 26. Bxe3 Rxe3 27. Qxe3 Bxd4 28. Kf2 Bxe3+ 29. Kxe3 Nd8 30. a4 Ne6 31. g3 Qe4+ 32. Kf2 Nd4 0-1

[Event "41th GRE-ch Women 2018"]
[Site "Thessaloniki"]
[Date "2018.12.19"]
[Round "8"]
[White "Androni, Konstantina"]
[Black "Fragkou, Eleni"]
[Result "0-1"]
[ECO "E81"]
[WhiteElo "1912"]
[BlackElo "2031"]
[Annotator "NA"]
[PlyCount "70"]
[EventDate "2018.12.12"]
[EventType "tourn"]
[EventCountry "GRE"]
[SourceTitle "playchess.com"]
[Source "ChessBase"]
[SourceQuality "1"]
[TimeControl "40/5400+30:1800+30"]

1. d4 Nf6 2. c4 g6 3. Nc3 Bg7 4. e4 d6 5. f3 O-O 6. Be3 c5 7. Nge2 Nc6 8. d5 Ne5 9. Ng3 h5 10. Be2 e6 11. O-O exd5 12. cxd5 a6 13. a4 Re8 14. Qd2 {[%emt 0:02:26] LiveBook: 18 Games} Rb8 15. a5 $146 {[%emt 0:13:35] A65: Modern Benoni: 6 e4} ({Predecessor:} 15. Bg5 Qa5 16. f4 Ned7 17. Kh1 Nh7 18. Bh4 Qb4 19. Bxh5 gxh5 20. Nxh5 Ndf6 21. Nxg7 Kxg7 22. Bxf6+ Nxf6 {½-½ (59) Del Rio de Angelis,S (2471)-Perez Mitjans,O (2496) Roquetas de Mar 2013}) 15... b5 16. axb6 Rxb6 17. Ra2 Rb4 18. Bh6 Bh8 19. Bxa6 Bxa6 $11 20. Rxa6 Nc4 21. Qf4 Nd7 22. Qc1 Nde5 23. Na2 Rxb2 24. f4 Ng4 25. Qxc4 Rxg2+ 26. Kxg2 Ne3+ 27. Kh1 Nxc4 28. f5 h4 29. fxg6 fxg6 30. Nf5 gxf5 31. Ra7 Rxe4 32. Rxf5 Re1+ 33. Kg2 Ne3+ 34. Bxe3 Rxe3 35. Raf7 Qe8 0-1

[Event "41th GRE-ch Women 2018"]
[Site "Thessaloniki"]
[Date "2018.12.19"]
[Round "8"]
[White "Tsivelekidou, Evgenia"]
[Black "Petraki, Evaggelia"]
[Result "1-0"]
[ECO "E06"]
[WhiteElo "1861"]
[BlackElo "1756"]
[Annotator "NA"]
[PlyCount "87"]
[EventDate "2018.12.12"]
[EventType "tourn"]
[EventCountry "GRE"]
[SourceTitle "playchess.com"]
[Source "ChessBase"]
[SourceQuality "1"]
[TimeControl "40/5400+30:1800+30"]

1. d4 Nf6 2. g3 d5 3. c4 e6 4. Nf3 Be7 5. Bg2 O-O 6. O-O c6 7. Qc2 Nbd7 8. Rd1 b6 9. b3 Bb7 10. Nc3 Rc8 11. e4 dxe4 12. Nxe4 c5 13. Nxf6+ Bxf6 14. Ng5 Bxg5 15. Bxb7 Rc7 16. Bg2 cxd4 17. Bxg5 Qxg5 18. Rxd4 b5 19. Qd1 Nb6 20. cxb5 Qxb5 21. a4 Qg5 22. a5 Nc8 23. b4 g6 24. Rb1 Qb5 25. Bf1 Qf5 26. Rb2 Ne7 27. b5 Nd5 28. Bg2 Nc3 29. Qf1 Qc5 30. Rdb4 Rd8 31. Bf3 Rcd7 32. b6 axb6 33. axb6 Qf5 34. Kg2 Rd3 35. Rf4 Qe5 36. b7 R3d7 37. Rfb4 Rb8 38. Qc4 Rc7 39. Qb3 Kg7 40. Rc4 Rxc4 41. Qxc4 Nd5 42. Rb5 Qc7 43. Bxd5 exd5 44. Qxc7 1-0

[Event "41th GRE-ch Women 2018"]
[Site "Thessaloniki"]
[Date "2018.12.20"]
[Round "9"]
[White "Fragkou, Eleni"]
[Black "Tsivelekidou, Evgenia"]
[Result "1/2-1/2"]
[ECO "C45"]
[WhiteElo "2031"]
[BlackElo "1861"]
[Annotator "NA RC"]
[PlyCount "104"]
[EventDate "2018.12.12"]
[EventType "tourn"]
[EventCountry "GRE"]
[SourceTitle "playchess.com"]
[Source "ChessBase"]
[SourceQuality "1"]
[TimeControl "40/5400+30:1800+30"]

1. e4 e5 2. Nf3 Nc6 3. d4 exd4 4. Nxd4 Nf6 5. Nxc6 bxc6 6. e5 Qe7 7. Qe2 Nd5 8. c4 Nb6 9. Nc3 Qe6 {[%emt 0:01:27] LiveBook: 488 Games} 10. Qe4 Be7 {[%emt 0:09:36] C45: Scotch Game} (10... g6 11. Bd2 Bg7 12. c5 Nd5 13. Bc4 Qxe5 14. Qxe5+ Bxe5 15. Bxd5 cxd5 16. O-O-O O-O 17. Nxd5 Rb8 18. Bc3 Bxc3 19. Nxc3 {1-0 (49) Yu,Y (2729)-Dominguez Perez,L (2739) Doha 2016}) 11. Bd3 Bb7 12. O-O d5 $146 ({Predecessor:} 12... c5 13. Qe2 a6 14. Bd2 O-O 15. Rae1 Rfe8 16. b3 Rad8 17. f4 f5 18. exf6 Qxf6 {1-0 (38) Volkov,D (2248)-Lee,J (1682) Philadelphia 2017}) 13. exd6 Qxe4 14. d7+ ({Much worse is} 14. Bxe4 cxd6 15. Bd3 O-O $14) (14. Nxe4 $16 cxd6 15. Re1) 14... Nxd7 15. Bxe4 O-O 16. Bf4 Bd6 17. Bxd6 cxd6 18. Rfd1 Ne5 19. Rxd6 Nxc4 20. Rd7 Rab8 21. Na4 Nb6 22. Nxb6 axb6 23. Rad1 Bc8 24. Ra7 c5 25. Bd5 Bf5 26. f3 h5 27. a4 Bg6 28. Bc4 Rfd8 29. Rdd7 Rxd7 30. Rxd7 Kf8 31. Kf2 f6 32. b3 Be8 33. Rc7 Rd8 34. Rb7 Rd6 35. Ke3 Bd7 36. f4 f5 37. g3 Be6 {[%emt 0:00:22] [#]} 38. Bxe6 $1 Rxe6+ 39. Kd3 h4 40. gxh4 Rd6+ 41. Ke3 Kg8 42. h5 Kh7 43. Rb8 Rc6 44. Kd3 Rd6+ 45. Kc3 Re6 46. Rf8 Re3+ 47. Kc2 Re2+ 48. Kd3 Rxh2 49. Rxf5 Rh3+ 50. Kc4 Re3 51. Re5 Rf3 52. Re4 Kg8 $18 (52... Kh6 $142 53. Re6+ {[%mdl 64] Double Attack} Kxh5) 1/2-1/2

[Event "41th GRE-ch Women 2018"]
[Site "Thessaloniki"]
[Date "2018.12.20"]
[Round "9"]
[White "Petraki, Evaggelia"]
[Black "Skaraki, Antigoni"]
[Result "1/2-1/2"]
[ECO "B67"]
[WhiteElo "1756"]
[BlackElo "2012"]
[Annotator "NA RC"]
[PlyCount "151"]
[EventDate "2018.12.12"]
[EventType "tourn"]
[EventCountry "GRE"]
[SourceTitle "playchess.com"]
[Source "ChessBase"]
[SourceQuality "1"]
[TimeControl "40/5400+30:1800+30"]

1. e4 c5 2. Nf3 d6 3. d4 cxd4 4. Nxd4 Nf6 5. Nc3 Nc6 6. Bg5 e6 7. Qd2 a6 8. O-O-O Bd7 9. Kb1 b5 {[%emt 0:00:51] B67: Sicilian: Richter-Rauzer: 7...a6 8 0-0-0 Bd7, lines without 9 f4 Be7} (9... Nxd4 10. Qxd4 h6 11. Bc1 Bc6 12. f3 Qc7 13. Be2 O-O-O 14. Qf2 d5 15. Be3 Rd7 16. Bb6 Qb8 17. exd5 Nxd5 18. Nxd5 Rxd5 19. Rxd5 exd5 {1-0 (32) Inarkiev,E (2702)-Gelfand,B (2729) Nazran 2017}) 10. f4 {[%emt 0:00:46] LiveBook: 5 Games} Rc8 $146 ({Predecessor:} 10... b4 11. Bxf6 Qxf6 12. Nce2 Rb8 13. g4 Qd8 14. h4 a5 15. g5 Qb6 16. h5 a4 17. Nxc6 Bxc6 {0-1 (92) Zelcic,R (2557)-Jankovic,A (2541) Otocac 2010}) 11. Nxc6 Bxc6 12. e5 ({White should try} 12. Qe3 $14) 12... dxe5 13. fxe5 (13. Qf2 $11 Qc7 14. Bxf6 gxf6 15. f5) 13... Qxd2 14. Rxd2 Nd7 15. Bf4 Bb4 16. Rd3 O-O 17. Rg3 Bxc3 18. bxc3 Be4 19. h4 Kh8 20. Bd3 (20. Be2 $142) 20... Nc5 21. c4 Bxd3 22. cxd3 bxc4 23. dxc4 Ne4 24. Rb3 Rxc4 25. Rc1 Rxc1+ 26. Bxc1 h6 27. Rb6 Ra8 28. Rc6 Nf2 29. Kc2 Ng4 30. Bf4 h5 (30... Kh7 $17 31. Bg3 Kg6) 31. Kb3 Kh7 32. Rb6 Kg6 33. Rb7 Nf2 34. Be3 Nd3 35. Bd4 f6 36. exf6 gxf6 37. Rb6 Kf5 38. g3 e5 39. Bg1 $2 (39. Be3) 39... Nc1+ 40. Kb2 Ne2 41. Bf2 Nd4 42. Kc3 Ne6 43. Kd3 Rd8+ 44. Ke2 Nc7 45. Rc6 Rd7 46. a4 e4 47. a5 Ke5 48. Be3 Nd5 49. Bf4+ Nxf4+ 50. gxf4+ {[%emt 0:00:02] [#]} Kxf4 $2 ({Better is} 50... Kf5 $1 $19 51. Rxa6 Rd5) 51. Rxf6+ Kg4 52. Rxa6 Rd4 53. Ke3 Ra4 54. Re6 Rxa5 55. Rxe4+ Kg3 56. Ke2 Ra2+ 57. Ke3 Rb2 58. Rd4 Rh2 59. Rc4 Ra2 60. Rd4 Ra3+ 61. Ke2 Ra8 62. Ke3 Re8+ 63. Re4 Rg8 64. Ke2 Rg6 65. Ke3 Kh3 66. Ke2 Rg7 67. Rf4 Rg2+ 68. Kf3 Rg4 69. Re4 $11 Kxh4 70. Rxg4+ hxg4+ 71. Kg2 g3 72. Kg1 Kh3 73. Kh1 Kg4 74. Kg2 Kf4 75. Kg1 Kf3 76. Kf1 1/2-1/2

[Event "41th GRE-ch Women 2018"]
[Site "Thessaloniki"]
[Date "2018.12.20"]
[Round "9"]
[White "Nikolaidou, Eleni"]
[Black "Androni, Konstantina"]
[Result "0-1"]
[ECO "B00"]
[WhiteElo "1707"]
[BlackElo "1912"]
[Annotator "NA RC"]
[PlyCount "70"]
[EventDate "2018.12.12"]
[EventType "tourn"]
[EventCountry "GRE"]
[SourceTitle "playchess.com"]
[Source "ChessBase"]
[SourceQuality "1"]
[TimeControl "40/5400+30:1800+30"]

1. e4 d6 2. Bc4 Nf6 3. d3 g6 4. c3 {[%emt 0:00:15] B07: Pirc Defence: Miscellaneous Systems} (4. Nf3 Bg7 5. O-O O-O 6. c3 d5 7. exd5 Nxd5 8. d4 Nc6 9. Re1 Bf5 10. Nbd2 Nb6 11. Bb3 Na5 12. Nf1 Nxb3 13. axb3 Be6 14. Ng3 a6 15. h3 Rc8 16. c4 c6 17. Bf4 Qd7 18. Qd2 Rcd8 19. Rad1 Bf5 20. Bh6 Bxh6 21. Qxh6 f6 22. Nxf5 gxf5 23. Qe3 Rfe8 24. d5 cxd5 25. Qxb6 {1-0 (25) Savic,M (2628)-Tadic,B (2561) Belgrade 2016}) 4... Bg7 5. Ne2 c6 6. Bb3 e5 7. O-O O-O 8. Bg5 h6 9. Bh4 Nbd7 10. Nd2 $146 ({Predecessor:} 10. Bg3 Nh5 11. d4 {½-½ (19) Candea,G (2232)-Olesen,P (2060) Condino 2009}) 10... Nc5 11. Bc2 Qc7 12. Rc1 Bd7 13. b4 Ne6 14. Bb3 Rae8 15. f3 Nh5 16. Bf2 Qd8 17. Nc4 Bc8 18. Bxa7 Nef4 19. Be3 b5 ({Black should try} 19... d5) 20. Na5 Bd7 21. a4 Qg5 22. Nxf4 exf4 23. Bd4 c5 24. bxc5 dxc5 25. Bxg7 Kxg7 26. axb5 Bxb5 $18 27. Bc4 Bd7 28. Qd2 Re5 29. Bd5 Qh4 30. Qf2 Ng3 31. h3 Rg5 32. Kh2 Nxf1+ 33. Rxf1 Rg3 34. Qxc5 Bxh3 35. Rf2 Bxg2+ 0-1